 Dungeon Crawl Stone Soup version 0.27.1-3-gb3d3a73c9e (webtiles) character file.

Game seed: 9154666902606364320

116 Icepheonix32 the Shield-Bearer (level 4, -11/35 HPs)
             Began as a Demonspawn Fighter on Oct 6, 2021.
             Killed by divine providence
             ... invoked by an orc priest
              (14 damage)
             ... on level 2 of the Dungeon.
             The game lasted 00:02:23 (1710 turns).

Icepheonix32 the Shield-Bearer (Demonspawn Fighter) Turns: 1710, Time: 00:02:24

Health: -11/35     AC:  7    Str: 17    XL:     4   Next: 70%
Magic:  4/4        EV:  7    Int: 12    God:
Gold:   39         SH:  9    Dex: 12    Spells: 3/3 levels left

rFire    . . .     SeeInvis .   a - +0 long sword
rCold    . . .     Faith    .   c - +0 kite shield
rNeg     . . .     Spirit   .   b - +0 scale mail
rPois    .         Reflect  .   (no helmet)
rElec    .         Harm     .   (no cloak)
rCorr    .         Rampage  .   (no gloves)
Will     .....                  (no boots)
Stlth    ..........             (no amulet)
HPRegen  0.11/turn              (no ring)
MPRegen  0.09/turn              (no ring)

@: no status effects
A: powered by death 1, big brain 1
a: no special abilities


You were on level 2 of the Dungeon.
You visited 1 branch of the dungeon, and saw 2 of its levels.

You collected 39 gold pieces.

Inventory:

Hand Weapons
 a - a +0 long sword (weapon)
 j - a +0 spear
Armour
 b - a +0 scale mail (worn)
 c - a +0 kite shield (worn)
 m - a +0 ring mail
Scrolls
 e - a scroll of blinking {unknown}
 f - a scroll of immolation {unknown}
 g - a scroll of teleportation
 h - a scroll of identify {unknown}
 i - a scroll of amnesia {unknown}
Potions
 d - 2 potions of might
 k - a potion of haste {unknown}
 l - a potion of brilliance {unknown}


   Skills:
 + Level 3.2 Fighting
 - Level 2.1 Long Blades
 * Level 3.7 Armour
 - Level 0.3 Dodging
 * Level 3.8 Shields


You had 3 spell levels left.
You didn't know any spells.
Your spell library was empty.

Dungeon Overview and Level Annotations

Branches:
Dungeon (2/15)

Altars:


Innate Abilities, Weirdness & Mutations

You regenerate a little health from kills.
You have an unusually large brain. (Int +2)


Message History

You are confused.
The orc wizard barely misses you.
You bump into the rock wall.
The orc wizard gestures wildly while chanting.
The orc wizard flickers and vanishes!
Unknown command.
You closely miss something. Something hits you but does no damage.
You hear some strange, mumbled words.
A puff of flame appears from out of thin air!
The puff of flame hits something!
Reactivating autopickup.
You feel a bit more experienced.
You hear some strange, mumbled words.
Deactivating autopickup; reactivate with Ctrl-A.
Something tries to affect you, but you resist.
Your scale mail prevents you from hitting something.
You feel less confused.
You hear some strange, mumbled words.
A puff of flame appears from out of thin air!
The puff of flame hits you.
Unknown command.
You slash the orc priest!
The orc priest is heavily wounded.
The orc priest hits you but does no damage.
You hear some strange, mumbled words.
A puff of flame appears from out of thin air!
The puff of flame hits you.
The orc priest hits you with a +0 dagger.
Something hits you but does no damage.
You barely miss the orc priest.
The orc priest is heavily wounded.
The orc priest mumbles some strange prayers to Beogh against you.
Beogh smites you!
* * * LOW HITPOINT WARNING * * *
Something hits you but does no damage.
You closely miss the orc priest.
The orc priest is heavily wounded.
The orc priest mumbles some strange prayers to Beogh against you.
Beogh smites you!
You die...

###############.#
.............##.####.
.......#####..........o
.#####................o .#
#..####.)#.#####o# ## ## .# #..#
#..#.## .# .. .. .# #..# #.....#
.# .# .# #..# ##.#†.# ##.#..# .#
#..#####.#.@###.....#
.#####........#.{o)......#
...†....########.###....#########
†######## #.# ##............ .#
#.# ...####....# .# ..# ####
#..... .# #..# #.>..# .# #...
#####....# .# #.#. ..........


You could see an orc priest.

Vanquished Creatures
  3 adders (D:2)
  A worm (D:2)
  3 dart slugs (D:1)
  2 orcs (D:2)
  7 ball pythons
  2 endoplasms
  5 giant cockroaches
  4 goblins (D:1)
  3 hobgoblins
  3 jackals (D:2)
  4 quokkas
  4 bats
  2 frilled lizards
  4 kobolds
  5 rats (D:1)
52 creatures vanquished.

Vanquished Creatures (others)
  An orc wizard (D:2)
1 creature vanquished.

Grand Total: 53 creatures vanquished

Notes
Turn   | Place    | Note
-------+----------+-------------------------------------------
     0 | D:1      | Icepheonix32 the Demonspawn Fighter began the quest for the
                  | Orb.
     0 | D:1      | Reached XP level 1. HP: 18/18 MP: 1/1
   101 | D:1      | Gained mutation: You have an unusually large brain. (Int
                  | +2) [demonic ancestry]
   101 | D:1      | Reached XP level 2. HP: 24/24 MP: 2/2
   746 | D:1      | Gained mutation: You regenerate a little health from kills.
                  | [demonic ancestry]
   746 | D:1      | Reached XP level 3. HP: 29/29 MP: 3/3
  1239 | D:2      | Reached XP level 4. HP: 35/35 MP: 4/4
  1710 | D:2      | Killed from afar by an orc priest

Illustrated notes

Levels and vault maps discovered:
D:1:      lightli_molten_gateway, layout_basic
D:2:      layout_loops_ring

Skill      XL: |  1  2 |
---------------+-------+-----
Shields        | 3 |  3.8
Long Blades    | 2 |  2.1
Armour         | 3 |  3.7
Fighting       | |  3.2
Dodging        | |  0.3

Action                   |  1- 3 |  4- 6 || total
-------------------------+-------+-------++-------
Melee: Long sword        |   114 |    52 ||   166
  Use: Scroll            |     1 |       ||     1
Armor: Scale mail        |    71 |    25 ||    96
Dodge: Dodged            |    35 |    16 ||    51
Block: Kite shield       |    68 |    22 ||    90
       Rpst.: Long sword |    13 |     4 ||    17
